 Dungeon Crawl Stone Soup version 0.30-a0-149-g7f746667c4 (webtiles) character file.

Game seed: 2212386590605741038

258 Darkkill the Ruffian (level 5, -11/73 HPs)
             Began as a Troll Transmuter on Sept 26, 2022.
             Killed by divine providence
             ... invoked by an orc priest
              (15 damage)
             ... on level 3 of the Dungeon.
             The game lasted 00:08:12 (2320 turns).

Darkkill the Ruffian (Troll Transmuter)             Turns: 2320, Time: 00:08:13

Health: -11/73     AC: 22    Str: 20    XL:     5   Next: 94%
Magic:  6/6        EV:  1    Int:  9    God:
Gold:   109        SH:  0    Dex: 10    Spells: 6/7 levels left

rFire   . . .      SeeInvis .      - Unarmed
rCold   . . .      Faith    .    (no shield)
rNeg    . . .      Spirit   .    (body armour currently unavailable)
rPois   +          Reflect  .    (helmet currently unavailable)
rElec   .          Harm     .    (cloak currently unavailable)
rCorr   .          Rampage  .    (gloves unavailable)
Will    .....      NoTele   +    (boots unavailable)
Stlth   +.........               (no amulet)
HPRegen 1.02/turn                (no ring)
MPRegen 0.10/turn                (no ring)

@: tree-form
A: stationary, stasis, torment immunity, boosted hp, large, unfitting armour,
(claws 3), regeneration 1, (shaggy fur 1), (tough skin 1)
a: no special abilities


You were on level 3 of the Dungeon.
You were a tree.
You visited 1 branch of the dungeon, and saw 3 of its levels.

You collected 109 gold pieces.

Inventory:

Missiles
 m - a boomerang
Armour
 a - a +0 robe (melded)
 k - a +1 cloak (melded)
Jewellery
 n - an amulet of guardian spirit
Scrolls
 c - a scroll of brand weapon {unknown}
 e - a scroll of silence {unknown}
 h - a scroll of immolation {unknown}
Potions
 d - 3 potions of heal wounds {unknown}
 f - a potion of attraction {unknown}
 g - a potion of magic {unknown}
 i - 2 potions of degeneration {unknown}
 j - a potion of haste
 l - a potion of curing {unknown}


   Skills:
 + Level 1.8 Fighting
 + Level 2.6 Dodging
 + Level 0.7 Stealth
 + Level 5.0 Unarmed Combat
 + Level 1.5 Spellcasting
 + Level 1.8 Transmutations


You had 6 spell levels left.
You knew the following spells:

 Your Spells              Type           Power      Damage    Failure   Level
a - Beastly Appendage     Tmut           6%         N/A       17%         1

Your spell library contained the following spells:

 Spells                   Type           Power      Damage    Failure   Level
 Wereblood                Tmut           3%         N/A       26%         2
 Blink                    Tloc           0%         N/A       47%         2
 Spider Form              Tmut/Pois      2%         N/A       58%         3
 Ice Form                 Ice/Tmut       2%         N/A       94%         4
 Manifold Assault         Tloc           0%         N/A       98%         4
 Storm Form               Tmut/Air       1%         N/A       100%        7


Dungeon Overview and Level Annotations

Branches:
Dungeon (3/15)

Altars:

Annotations:
D:2 1 runed translucent door, Crazy Yiuf


Innate Abilities, Weirdness & Mutations

You are a tree.
Your roots penetrate the ground, keeping you stationary.
You cannot be teleported.
You are immune to unholy pain and torment.
Your maximum health is greatly increased.
Your equipment is partially melded.
You are too large for most types of armour.
((You have claws for hands.))
Your natural rate of healing is unusually fast.
((You are covered in fur. (AC +1)))
((You have tough skin. (AC +1)))


Message History

The kobold shouts!
The orc hits you but does no damage.
You see here an amulet of guardian spirit.
n - an amulet of guardian spirit The orc hits you with a +0 hand axe.
The orc hits you but does no damage.
A bat comes into view.
You barely miss the orc priest.
The orc priest hits you with a +0 flail.
The orc misses you. The orc hits you but does no damage.
You closely miss the orc.
The orc priest hits you with a +0 flail.
The orc hits you with a +0 war axe. The orc hits you with a +0 hand axe.
The orc priest hits you with a +0 mace.
* * * LOW HITPOINT WARNING * * *
You claw the orc!
You kill the orc!
The orc priest hits you with a +0 flail!
* * * LOW HITPOINT WARNING * * *
The orc priest hits you but does no damage.
The orc closely misses you.
Really quaff the potion of lignification?
You turn into a tree.
Your +1 cloak melds into your body.
Your +0 robe melds into your body.
Your roots penetrate the ground.
The orc priest hits you but does no damage. x2
The orc hits you but does no damage.
You smack the orc priest!
The orc priest is heavily wounded.
The kobold hits you with a +0 dagger.
* * * LOW HITPOINT WARNING * * *
The orc priest barely misses you.
The orc priest hits you but does no damage.
The orc hits you but does no damage.
You hit the orc priest but do no damage.
The orc priest is heavily wounded.
The kobold hits you but does no damage.
The orc priest hits you with a +0 flail.
* * * LOW HITPOINT WARNING * * *
The orc priest invokes the aid of Beogh against you.
Beogh smites you!
You die...

#.# #.##. #.##.
..... # #.##$ .##
#.##$ ######..#
#.##.##...#....
###.##K#o........
.(#.##.♣o........
###.#.##.)o........
...#.##........<..
#.#.###..........
#....##.....#....
#..#.###.#### ###
#........).#
##.#.##...†#
#.#.##....#


You could see 2 orc priests, an orc and a kobold.

Vanquished Creatures
  Sigmund (D:2)
  Robin (D:2)
  A gnoll (D:1)
  3 adders (D:2)
  2 orcs (D:3)
  2 endoplasms
  3 giant cockroaches (D:1)
  5 goblins (D:2)
  7 hobgoblins
  4 kobolds
  2 quokkas (D:1)
  8 ball pythons
  A bat (D:2)
  2 frilled lizards (D:1)
  9 rats
51 creatures vanquished.

Vanquished Creatures (others)
  A fungus (D:2)
1 creature vanquished.

Grand Total: 52 creatures vanquished

Notes
Turn   | Place    | Note
-------+----------+-------------------------------------------
     0 | D:1      | Darkkill the Troll Transmuter began the quest for the Orb.
     0 | D:1      | Reached XP level 1. HP: 18/18 MP: 1/1
   649 | D:1      | Reached skill level 1 in Fighting
   649 | D:1      | Reached XP level 2. HP: 23/27 MP: 2/2
  1162 | D:2      | Reached XP level 3. HP: 33/33 MP: 4/4
  1206 | D:2      | Noticed Robin
  1215 | D:2      | Killed Robin
  1396 | D:2      | Noticed Sigmund
  1435 | D:2      | Killed Sigmund
  1436 | D:2      | Reached skill level 4 in Unarmed Combat
  1436 | D:2      | Reached XP level 4. HP: 10/42 MP: 1/5
  1436 | D:2      | Reached XP level 5. HP: 12/49 MP: 1/6
  1825 | D:2      | Reached skill level 5 in Unarmed Combat
  1840 | D:2      | Found a runed translucent door.
  1841 | D:2      | Noticed Crazy Yiuf
  2273 | D:2      | You fall into a shaft and drop 1 floor!
  2320 | D:3      | Killed from afar by an orc priest

Illustrated notes

Levels and vault maps discovered:
D:1:      dpeg_arrival_castle, layout_basic, chequers_avenue, minmay_unequal
D:2:      layout_basic, reono_crystal_passage, roderic_nine_men_s_morris,
          uniq_sigmund, uniq_robin, uniq_crazy_yiuf_cottage
D:3:      layout_rooms, serial_shops, shop, uniq_terence

Skill      XL: |  1  2  3  4  5 |
---------------+----------------+-----
Fighting       | 1 |  1.8
Dodging        | 2 |  2.6
Unarmed Combat | 4 5 |  5.0
Stealth        | |  0.7
Spellcasting   | |  1.5
Transmutations | |  1.8

Action                   |  1- 3 |  4- 6 || total
-------------------------+-------+-------++-------
Melee: Unarmed           |    72 |    44 ||   116
       Headbutt          |     1 |       ||     1
 Cast: Beastly Appendage |     2 |       ||     2
  Use: Scroll            |     5 |       ||     5
       Potion            |       |     1 ||     1
 Stab: Sleeping          |     1 |       ||     1
       Distracted        |       |     1 ||     1
Armor: Robe              |    39 |    21 ||    60
       Skin              |       |     6 ||     6
Dodge: Dodged            |    50 |    37 ||    87

Table legend: (Time is in decaauts)
 A = Elapsed time spent in this place.
 B = Non-inter-level travel time spent in this place.
 C = Inter-level travel time spent in this place.
 D = Time resting spent in this place.
 E = Time spent auto-exploring this place.
 F = Levels seen in this place.
 G = Mean time per level.
                   A        B        C        D        E       F      G
               +--------+--------+--------+--------+--------+-----+--------+
         Total |   2318 |   2123 |    195 |     38 |      0 |   3 |  772.7 |
       Dungeon |   2318 |   2123 |    195 |     38 |      0 |   3 |  772.7 |
               +--------+--------+--------+--------+--------+-----+--------+

Top non-repeatable levels by time:
     D:1: 1157 daAuts
     D:2: 1114 daAuts
     D:3: 46 daAuts
